PCL
SAN JOSE MISSIONS @ HOUSTON HAMMERTIME
09/21/2027
 
TOP OF THE 1ST
San Jose Missions batting - Pitching for Houston Hammertime : RHP António Sánchez
Pitching: RHP António Sánchez
Batting: RHB Peyton Pennington 0-0: Called Strike
0-1: Fly out, F8 (Flyball, 8RM)
Batting: RHB Jorge Fuentes 0-0: SINGLE (Groundball, 6D)
Batting: RHB Ed Starr 0-0: Ball
1-0: Called Strike
1-1: Ball
2-1: Swinging Strike
2-2: Ball
3-2: Strikes out swinging
Batting: LHB Miguel Montés 0-0: Ball
1-0: Hit by Pitch
Jorge Fuentes to second
Pinch Runner at 1st Raúl Perales:
Batting: RHB Irwin Duncan 0-0: Fielders Choice at 2nd, 4-6 (Groundball, 4)
Top of the 1st over - 0 run(s), 1 hit(s), 0 error(s), 1 left on base; San Jose 0 - Houston 0
BOTTOM OF THE 1ST
Houston Hammertime batting - Pitching for San Jose Missions : RHP Mike Clay
Pitching: RHP Mike Clay
Now in LF: Raúl Perales
Batting: RHB Don Hooper 0-0: Ball
1-0: SINGLE (Line Drive, 8LS)
Batting: RHB Alonso Holguín 0-0: Ball
1-0: Called Strike
1-1: Ball
2-1: Ball
3-1: Fly out, F9 (Flyball, 9)
Batting: RHB Dan Mason 0-0: Ball
Don Hooper is caught stealing 2nd base
1-0: Foul Ball, location: 2F
1-1: Swinging Strike
1-2: Ball
2-2: Foul Ball, location: 2F
2-2: Foul Ball, location: 2F
2-2: Foul Ball, location: 2F
2-2: Foul Ball, location: 2F
2-2: Ball
3-2: Strikes out swinging
Bottom of the 1st over - 0 run(s), 1 hit(s), 0 error(s), 0 left on base; San Jose 0 - Houston 0
TOP OF THE 2ND
San Jose Missions batting - Pitching for Houston Hammertime : RHP António Sánchez
Batting: RHB Glenn Johnson 0-0: SINGLE (Groundball, 34) (infield hit)
Batting: RHB Culley Douglas 0-0: Called Strike
0-1: Ball
1-1: Grounds into double play, 6-4-3 (Groundball, 6)
Batting: RHB Goro Tanabe 0-0: Called Strike
0-1: Ball
1-1: Swinging Strike
1-2: Strikes out swinging
Top of the 2nd over - 0 run(s), 1 hit(s), 0 error(s), 0 left on base; San Jose 0 - Houston 0
BOTTOM OF THE 2ND
Houston Hammertime batting - Pitching for San Jose Missions : RHP Mike Clay
Batting: LHB Juan Cabañas 0-0: Called Strike
0-1: Foul Ball, location: 2F
0-2: Ball
1-2: Ball
2-2: Foul Ball, location: 2F
2-2: Strikes out swinging
Batting: RHB David Hernández 0-0: Ball
1-0: Foul Ball, location: 2F
1-1: Swinging Strike
1-2: Ball
2-2: Ball
3-2: Base on Balls
Batting: RHB Santo Cruz 0-0: Called Strike
0-1: Ball
1-1: Ball
2-1: Grounds into double play, 6-4-3 (Groundball, 6)
Bottom of the 2nd over - 0 run(s), 0 hit(s), 0 error(s), 0 left on base; San Jose 0 - Houston 0
TOP OF THE 3RD
San Jose Missions batting - Pitching for Houston Hammertime : RHP António Sánchez
Batting: RHB Salvador Mendoza 0-0: Ball
1-0: SINGLE (Flyball, 8RS)
Batting: RHB Peyton Pennington 0-0: Foul Ball, location: 2F
0-1: Swinging Strike
0-2: Ball
1-2: Ball
2-2: Strikes out looking
Batting: RHB Jorge Fuentes 0-0: Fielders Choice at 2nd, 1-6 (Groundball, 13)
Batting: RHB Ed Starr 0-0: SINGLE (Groundball, 56D)
Jorge Fuentes to second
Batting: RHB Raúl Perales 0-0: Called Strike
0-1: Swinging Strike
0-2: Strikes out swinging
Top of the 3rd over - 0 run(s), 2 hit(s), 0 error(s), 2 left on base; San Jose 0 - Houston 0
BOTTOM OF THE 3RD
Houston Hammertime batting - Pitching for San Jose Missions : RHP Mike Clay
Batting: LHB Bartolo Villanueva 0-0: Called Strike
0-1: Ball
1-1: Ball
2-1: Ball
3-1: Base on Balls
Batting: RHB Alberto Chávez 0-0: Called Strike
0-1: Fly out, F5 (Popup, 5)
Batting: LHB Fernando Camacho 0-0: Ball
1-0: Swinging Strike
1-1: Foul Ball, location: 2F
1-2: Grounds into double play, 5-4-3 (Groundball, 56)
Bottom of the 3rd over - 0 run(s), 0 hit(s), 0 error(s), 0 left on base; San Jose 0 - Houston 0
TOP OF THE 4TH
San Jose Missions batting - Pitching for Houston Hammertime : RHP António Sánchez
Batting: RHB Irwin Duncan 0-0: Foul Ball, location: 2F
0-1: Ball
1-1: Ball
2-1: Foul Ball, location: 2F
2-2: SINGLE (Line Drive, 3D)
Batting: RHB Glenn Johnson 0-0: Called Strike
0-1: Ball
1-1: Foul Ball, location: 2F
1-2: Foul Ball, location: 2F
1-2: Ball
2-2: SINGLE (Groundball, 56D)
Irwin Duncan to second
Batting: RHB Culley Douglas 0-0: Ball
1-0: Foul Ball, location: 2F
1-1: Grounds into double play, 6-4-3 (Groundball, 6)
Irwin Duncan to third
Batting: RHB Goro Tanabe 0-0: Ball
1-0: SINGLE (Groundball, 6D)
Irwin Duncan scores
Batting: RHB Salvador Mendoza 0-0: Fielders Choice at 2nd, 6-4 (Groundball, 6)
Top of the 4th over - 1 run(s), 3 hit(s), 0 error(s), 0 left on base; San Jose 1 - Houston 0
BOTTOM OF THE 4TH
Houston Hammertime batting - Pitching for San Jose Missions : RHP Mike Clay
Batting: RHB Don Hooper 0-0: Ball
1-0: Ground out 5-3 (Groundball, 56D)
Batting: RHB Alonso Holguín 0-0: Foul Ball, location: 2F
0-1: Called Strike
0-2: Ball
1-2: Ball
2-2: Ball
3-2: Foul Ball, location: 2F
3-2: Base on Balls
Batting: RHB Dan Mason 0-0: Called Strike
0-1: Swinging Strike
0-2: 2-RUN HOME RUN (Flyball, 7LD), Distance : 342 ft
Batting: LHB Juan Cabañas 0-0: Foul Ball, location: 2F
0-1: Ball
1-1: Ball
2-1: Swinging Strike
2-2: DOUBLE (Flyball, 8RXD)
Batting: RHB David Hernández 0-0: Ball
1-0: Foul Ball, location: 2F
1-1: Single, Error in OF, E9, batter to second base
Juan Cabañas scores
Batting: RHB Santo Cruz 0-0: Ball
1-0: Ball
2-0: Ball
3-0: Foul Ball, location: 2F
3-1: Called Strike
3-2: Base on Balls
Batting: LHB Bartolo Villanueva 0-0: Foul Ball, location: 2F
0-1: TRIPLE (Flyball, 9LM)
David Hernández scores
Santo Cruz scores
Batting: RHB Alberto Chávez 0-0: Ball
1-0: Foul Ball, location: 2F
1-1: Swinging Strike
1-2: Strikes out looking
Batting: LHB Fernando Camacho 0-0: Called Strike
0-1: Ball
1-1: Ball
2-1: Called Strike
2-2: Strikes out looking
Bottom of the 4th over - 5 run(s), 4 hit(s), 1 error(s), 1 left on base; San Jose 1 - Houston 5
TOP OF THE 5TH
San Jose Missions batting - Pitching for Houston Hammertime : RHP António Sánchez
Batting: RHB Peyton Pennington 0-0: Ball
1-0: Foul Ball, location: 2F
1-1: Called Strike
1-2: DOUBLE (Line Drive, 89M)
Batting: RHB Jorge Fuentes 0-0: Fly out, F3 (Line Drive, 3)
Batting: RHB Ed Starr 0-0: Ball
Throwing error on steal attempt, E2
Peyton Pennington scores
1-0: Foul Ball, location: 2F
1-1: Ball
2-1: Foul Ball, location: 2F
2-2: Ground out 6-3 (Groundball, 6)
Batting: RHB Raúl Perales 0-0: Called Strike
0-1: Ground out 5-3 (Groundball, 5)
Top of the 5th over - 1 run(s), 1 hit(s), 1 error(s), 0 left on base; San Jose 2 - Houston 5
BOTTOM OF THE 5TH
Houston Hammertime batting - Pitching for San Jose Missions : RHP Mike Clay
Batting: RHB Don Hooper 0-0: Ball
1-0: Ball
2-0: Ball
3-0: Called Strike
3-1: Foul Ball, location: 2F
3-2: Foul Ball, location: 2F
3-2: SINGLE (Line Drive, 78S)
Batting: RHB Alonso Holguín Balk!
Don Hooper to second
0-0: Foul Ball, location: 2F
0-1: Ground out 5-3 (Groundball, 5S)
Don Hooper to third
Batting: RHB Dan Mason 0-0: Ball
1-0: SINGLE (Line Drive, 4M)
Don Hooper scores
Batting: LHB Juan Cabañas 0-0: Ball
Dan Mason steals 2nd base
1-0: Swinging Strike
1-1: Fly out, F6 (Popup, 6D)
Batting: RHB David Hernández 0-0: Called Strike
0-1: Foul Ball, location: 2F
0-2: Ball
1-2: Fly out, F6 (Popup, 6)
Bottom of the 5th over - 1 run(s), 2 hit(s), 0 error(s), 1 left on base; San Jose 2 - Houston 6
TOP OF THE 6TH
San Jose Missions batting - Pitching for Houston Hammertime : RHP António Sánchez
Batting: RHB Irwin Duncan 0-0: Fly out, F8 (Line Drive, 8RM)
Batting: RHB Glenn Johnson 0-0: Ball
1-0: Ball
2-0: Called Strike
2-1: Ground out 5-3 (Groundball, 56)
Batting: RHB Culley Douglas 0-0: Ball
1-0: Ball
2-0: Called Strike
2-1: Ground out 6-3 (Groundball, 6S)
Top of the 6th over - 0 run(s), 0 hit(s), 0 error(s), 0 left on base; San Jose 2 - Houston 6
BOTTOM OF THE 6TH
Houston Hammertime batting - Pitching for San Jose Missions : RHP Mike Clay
Pitching: LHP Mario Galván
Batting: RHB Santo Cruz 0-0: Ground out 4-3 (Groundball, 4)
Batting: LHB Bartolo Villanueva 0-0: Ball
1-0: Ball
2-0: Called Strike
2-1: Foul Ball, location: 2F
2-2: SINGLE (Groundball, 56S) (infield hit)
Batting: RHB Alberto Chávez 0-0: Ball
1-0: Foul Ball, location: 2F
1-1: Foul Ball, location: 2F
1-2: SINGLE (Line Drive, 89S)
Bartolo Villanueva to second
Batting: LHB Fernando Camacho 0-0: Swinging Strike
0-1: Swinging Strike
0-2: Ball
1-2: Ball
2-2: Strikes out looking
Batting: RHB Don Hooper 0-0: Called Strike
0-1: Ball
1-1: Foul Ball, location: 2F
1-2: Ball
2-2: Fly out, F9 (Flyball, 89S)
Bottom of the 6th over - 0 run(s), 2 hit(s), 0 error(s), 2 left on base; San Jose 2 - Houston 6
TOP OF THE 7TH
San Jose Missions batting - Pitching for Houston Hammertime : RHP António Sánchez
Batting: RHB Goro Tanabe 0-0: Ball
1-0: Called Strike
1-1: Ball
2-1: Swinging Strike
2-2: Ground out 6-3 (Groundball, 6)
Batting: RHB Salvador Mendoza 0-0: Ball
1-0: Reached on error, E9 (Flyball, 9)
Batting: RHB Peyton Pennington 0-0: Ball
1-0: SINGLE (Flyball, 9LS)
Salvador Mendoza to second
Batting: RHB Jorge Fuentes 0-0: Ball
1-0: Ball
2-0: Called Strike
2-1: Called Strike
2-2: Foul Ball, location: 2F
2-2: Grounds into double play, 6-4-3 (Groundball, 6)
Top of the 7th over - 0 run(s), 1 hit(s), 1 error(s), 1 left on base; San Jose 2 - Houston 6
BOTTOM OF THE 7TH
Houston Hammertime batting - Pitching for San Jose Missions : LHP Mario Galván
Batting: RHB Alonso Holguín 0-0: Called Strike
0-1: Foul Ball, location: 2F
0-2: Ball
1-2: Ground out 6-3 (Groundball, 6)
Batting: RHB Dan Mason 0-0: Called Strike
0-1: Ball
1-1: Ball
2-1: Fly out, F7 (Flyball, 78M)
Batting: LHB Juan Cabañas 0-0: Called Strike
0-1: Called Strike
0-2: Ball
1-2: Ball
2-2: Ball
3-2: Base on Balls
Batting: RHB David Hernández 0-0: Ball
1-0: Ball
2-0: Foul Ball, location: 2F
2-1: Fly out, F5 (Line Drive, 56)
Bottom of the 7th over - 0 run(s), 0 hit(s), 0 error(s), 1 left on base; San Jose 2 - Houston 6
TOP OF THE 8TH
San Jose Missions batting - Pitching for Houston Hammertime : RHP António Sánchez
Batting: RHB Ed Starr 0-0: Called Strike
0-1: Ball
1-1: Ball
2-1: Foul Ball, location: 2F
2-2: Foul Ball, location: 2F
2-2: Ball
3-2: Strikes out looking
Batting: RHB Raúl Perales 0-0: Ball
1-0: Swinging Strike
1-1: Called Strike
1-2: Strikes out swinging
Batting: RHB Irwin Duncan 0-0: Ball
1-0: Foul Ball, location: 2F
1-1: SINGLE (Groundball, 34D)
Batting: RHB Glenn Johnson 0-0: Foul Ball, location: 2F
0-1: Swinging Strike
0-2: Fly out, F9 (Line Drive, 9)
Top of the 8th over - 0 run(s), 1 hit(s), 0 error(s), 1 left on base; San Jose 2 - Houston 6
BOTTOM OF THE 8TH
Houston Hammertime batting - Pitching for San Jose Missions : LHP Mario Galván
Batting: RHB Santo Cruz 0-0: Called Strike
0-1: TRIPLE (Line Drive, 9LM)
Batting: LHB Bartolo Villanueva 0-0: Called Strike
0-1: Swinging Strike
0-2: SINGLE (Groundball, 34D)
Santo Cruz scores
Batting: RHB Alberto Chávez 0-0: Ball
1-0: Ball
2-0: Called Strike
2-1: Swinging Strike
2-2: Foul Ball, location: 2F
2-2: Ball
3-2: Foul Ball, location: 2F
3-2: Foul Ball, location: 2F
3-2: Base on Balls
Bartolo Villanueva to second
Pitching: RHP Larry West
Batting: LHB Fernando Camacho 0-0: Ball
1-0: Sac Bunt - play at first, batter OUT! 5-4
Bartolo Villanueva to third
Alberto Chávez to second
Batting: RHB Don Hooper 0-0: Called Strike
0-1: Ball
1-1: Fly out, F4 (Popup, 34D)
Batting: RHB Alonso Holguín 0-0: Ball
1-0: Ball
2-0: Called Strike
2-1: Foul Ball, location: 2F
2-2: Foul Ball, location: 2F
2-2: Ball
3-2: Foul Ball, location: 2F
3-2: Foul Ball, location: 2F
3-2: SINGLE (Groundball, 4MD)
Bartolo Villanueva scores
Alberto Chávez to third
Alberto Chávez scores
Batting: RHB Dan Mason 0-0: Ball
1-0: Ball
2-0: Ball
3-0: Base on Balls
Alonso Holguín to second
Batting: LHB Juan Cabañas 0-0: Ball
1-0: Called Strike
1-1: Ball
2-1: DOUBLE (Line Drive, 9LD)
Alonso Holguín scores
Dan Mason to third
Runner from 3rd tries for Home, SAFE, no throw
Batting: RHB David Hernández 0-0: DOUBLE (Line Drive, 89D)
Juan Cabañas scores
Batting: RHB Santo Cruz 0-0: Ball
1-0: Ball
2-0: Ball
3-0: Called Strike
3-1: SINGLE (Groundball, 4MD)
David Hernández to third
Runner from 3rd tries for Home, SAFE, no throw
Pinch Hitting: RHB Carlos Pérez 0-0: Ball
1-0: Fielders Choice at 2nd, 6-4 (Groundball, 6)
Bottom of the 8th over - 7 run(s), 6 hit(s), 0 error(s), 0 left on base; San Jose 2 - Houston 13
TOP OF THE 9TH
San Jose Missions batting - Pitching for Houston Hammertime : RHP António Sánchez
Pitching: RHP José Ortíz
Now at 3B: Richard Bowman
Now in LF: Enrique Valentín
Batting: RHB Culley Douglas 0-0: Foul Ball, location: 2F
0-1: Foul Ball, location: 2F
0-2: Foul Ball, location: 2F
0-2: Ball
1-2: Foul Ball, location: 2F
1-2: Foul Ball, location: 2F
1-2: Strikes out swinging
Batting: RHB Goro Tanabe 0-0: Ball
1-0: Called Strike
1-1: Ball
2-1: Ball
3-1: Foul Ball, location: 2F
3-2: Strikes out looking
Batting: RHB Salvador Mendoza 0-0: Foul Ball, location: 2F
0-1: Foul Ball, location: 2F
0-2: Ball
1-2: Strikes out looking
Top of the 9th over - 0 run(s), 0 hit(s), 0 error(s), 0 left on base; San Jose 2 - Houston 13
Thursday, March 30th, 2017 - OOTP Baseball 17.12 Build 75